Map: Dasan Station LE

Players

Fropez - Winner!

  • Race: Protoss Protoss
  • League: Gold
  • Spawn Location: 6:00

VirtualState

  • Race: Terran Terran
  • League: Gold
  • Spawn Location: 12:00

VOD

Have the link to the VOD?

Description

Time

  • Played on: Sept. 9, 2016, 12:17 p.m.
  • Length: 11:02
Show
View Real Time Build Order
Export as new Build Order

Fropez Protoss - Winner!

Build Orders: Nexus First 

Get SALT Encoding   

  12  0:03  Probe (Chrono Boost)  
  13  0:29  Pylon  
  13  0:48  Nexus  
  13  0:53  Probe (Chrono Boost)  
  14  1:06  Gateway  
  14  1:15  Gateway  
  14  1:19  Probe (Chrono Boost)  
  15  1:27  Assimilator  
  15  1:29  Probe (Chrono Boost)  
  16  1:36  Pylon  
  16  1:44  Pylon  
  16  1:56  Forge  
  16  2:09  Pylon  
  16  2:16  Probe (Chrono Boost), Cybernetics Core  
  16  2:19  Probe (Chrono Boost)  
  18  2:27  Probe (Chrono Boost)  
  18  2:29  Probe (Chrono Boost)  
  20  2:34  Assimilator  
  20  2:48  Photon Cannon  
  20  2:55  Photon Cannon  
  19  2:59  Probe (Chrono Boost)  
  19  3:00  Probe (Chrono Boost)  
  19  3:04  Warp Gate (Chrono Boost)  
  21  3:08  Adept  
  23  3:13  Adept  
  25  3:24  Probe  
  25  3:25  Probe  
  27  3:37  Mothership Core  
  29  3:42  Adept  
  31  3:59  Pylon  
  31  4:07  Assimilator  
  31  4:09  Protoss Ground Weapons Level 1  
  31  4:10  Adept  
  31  4:11  Pylon  
  31  4:15  Pylon  
  31  4:16  Adept  
  35  4:21  Probe x2  
  37  4:41  Stalker  
  37  4:43  Stalker  
  41  5:23  Gateway  
  41  5:26  Gateway  
  41  5:28  Gateway  
  41  5:31  Gateway  
  41  5:44  Pylon  
  41  5:47  Pylon  
  41  5:48  Pylon x2, Probe  
  42  5:52  Adept x2  
  42  6:21  Adept x2  
  40  6:26  Protoss Ground Armor Level 1 (Chrono Boost)  
  40  6:31  Twilight Council  
  36  6:36  Probe, Robotics Facility  
  36  6:38  Probe  
  38  6:50  Probe  
  38  6:52  Probe  
  36  6:57  Resonating Glaives (Chrono Boost)  
  36  7:01  Probe  
  36  7:05  Probe  
  36  7:08  Assimilator  
  38  7:12  Probe  
  39  7:19  Probe  
  40  7:25  Warp Prism  
  42  7:37  Gateway  
  42  7:39  Pylon  
  42  7:52  Pylon  
  42  8:08  Protoss Ground Weapons Level 2 (Chrono Boost)  
  42  8:26  Adept x6  
  50  8:56  Adept x3  
  50  8:57  Adept x3  
  54  9:33  Adept x4  
  54  9:34  Adept x2  
  60  9:55  Adept x2  
  60  9:56  Adept x4  
  60  10:06  Probe x2  
  60  10:07  Gateway  
  60  10:08  Gateway  
  60  10:11  Warp Prism  
  60  10:13  Twilight Council  
  62  10:15  Pylon  
  62  10:18  Adept x2  
  62  10:19  Adept x4  
Show
View Real Time Build Order
Export as new Build Order

VirtualState Terran 

Build Orders: MMM Bio 

Get SALT Encoding   

  12  0:35  SCV  
  13  0:53  SCV  
  13  0:55  Supply Depot  
  14  1:02  Supply Depot  
  14  1:05  SCV  
  15  1:13  Refinery  
  15  1:16  Refinery  
  15  1:17  SCV  
  16  1:23  Barracks  
  16  1:29  SCV  
  17  1:33  Barracks  
  17  1:41  SCV  
  18  1:53  SCV  
  19  1:54  Barracks  
  19  2:05  Supply Depot  
  19  2:09  Supply Depot  
  19  2:10  SCV  
  20  2:22  SCV  
  21  2:24  Marine  
  22  2:34  SCV, Bunker  
  22  2:35  Marine  
  24  2:42  Marine  
  24  2:43  Marine  
  26  2:46  SCV  
  27  2:53  Marine  
  28  3:00  Marine, Supply Depot  
  28  3:01  Marine  
  30  3:19  Marine  
  31  3:21  Marine  
  32  3:32  SCV  
  33  3:39  Marine  
  35  3:43  Supply Depot  
  35  3:44  Marine  
  35  3:45  SCV  
  37  3:55  Barracks Tech Lab  
  36  3:57  Marine, SCV  
  38  4:09  Barracks  
  38  4:12  Barracks  
  38  4:15  Marine  
  39  4:19  Barracks Reactor  
  39  4:27  Command Center  
  39  4:32  Marine  
  40  4:40  Combat Shields  
  40  4:50  Marine  
  39  5:10  Barracks Reactor  
  38  5:19  SCV  
  39  5:22  Barracks Reactor  
  39  5:28  Marine  
  40  5:31  Marine  
  40  5:32  Marine x2  
  42  5:46  Marine  
  42  5:49  Marine x2  
  44  5:50  Marine  
  44  5:52  SCV  
  47  6:06  SCV  
  47  6:09  Stimpack  
  47  6:11  Marine  
  47  6:15  Marine  
  47  6:16  Marine x2  
  47  6:18  SCV  
  39  6:29  Marine  
  39  6:31  Marine  
  39  6:32  Marine x4  
  42  6:33  Marine  
  42  6:34  Marine  
  45  6:46  Marine  
  45  6:49  Marine  
  45  6:50  Marine x2  
  47  7:00  Marine x3  
  50  7:10  Orbital Command  
  50  7:14  Factory  
  50  7:19  SCV  
  51  7:30  Marine  
  51  7:31  Marine x3  
  51  7:32  SCV  
  56  7:44  SCV  
  57  7:49  Engineering Bay  
  57  7:55  Engineering Bay  
  57  7:56  SCV  
  58  7:59  Marine  
  58  8:02  Factory Reactor  
  58  8:03  SCV  
  60  8:08  SCV  
  61  8:33  Supply Depot  
  61  8:36  Supply Depot, Terran Infantry Weapons Level 1  
  61  8:39  Supply Depot, Terran Infantry Armor Level 1  
  49  9:05  Orbital Command  
  49  9:06  SCV  
  32  9:28  SCV  
  31  9:39  SCV  
  31  9:41  Widow Mine x2  
  22  10:09  Widow Mine  
  23  10:27  SCV  
  19  10:29  SCV  
  19  10:30  Widow Mine  
Tags
 
Composition
MMM Bio
League
GoldGold
Matchup
PvT
Replay Pack
All Mines
Spawn Locations
Cross Positions
Add a new tag
Caveats
  • Supply blocks, unpowered buildings, or Contaminate may cause inaccurate times.
  • Supply counts are checked every 10 seconds.